 Dungeon Crawl Stone Soup version 0.32-a0-12-g7fc57aa741 (webtiles) character file.

Game seed: 10424513186240017912

25347 experimilk the Grappler (level 12, 126/126 HPs)
             Began as a Troll Gladiator on Jan 14, 2024.
             Was a Follower of Uskayaw.
             Quit the game on level 3 of the Lair of Beasts.
             The game lasted 00:40:25 (16081 turns).

experimilk the Grappler (Troll Gladiator)          Turns: 16081, Time: 00:40:25

Health: 126/126    AC:  9    Str: 35    XL:     12   Next: 88%
Magic:  14/14      EV: 13    Int:  4    God:    Uskayaw [*.....]
Gold:   549        SH:  0    Dex: 11    Spells: 11/11 levels left

rFire   + .          .
                       - Unarmed
rCold   . . .        (no shield)
rNeg    . . .        M - +0 troll leather armour
rPois   .            A - +2 hat
rElec   .            e - +1 cloak
rCorr   .            (gloves unavailable)
SInv    .            (boots unavailable)
Will    .....        J - amulet of guardian spirit
Stlth   +            y - +6 ring of strength
HPRegen 2.01/turn    C - ring of protection from fire
MPRegen 0.14/turn

%: guardian spirit
@: studying Stealth
A: large, unfitting armour, claws 3, regeneration 1, shaggy fur 1, tough skin 1
a: Renounce Religion, Stomp


You were on level 3 of the Lair of Beasts.
You worshipped Uskayaw.
Uskayaw was noncommittal.
You visited 3 branches of the dungeon, and saw 15 of its levels.
You also visited: Ossuary and Gauntlet.

You collected 789 gold pieces.
You spent 240 gold pieces at shops.

Inventory:

Missiles
 a - 8 poisoned darts
 c - 2 boomerangs
 q - a throwing net
 s - 2 datura-tipped darts
 v - 6 silver javelins
 z - 8 large rocks (quivered)
Armour
 b - a +0 hat
 e - a +1 cloak (worn)
 A - a +2 hat (worn)
 M - a +0 troll leather armour (worn)
Jewellery
 y - a +6 ring of strength (left claw)
 C - a ring of protection from fire (right claw)
 J - an amulet of guardian spirit (around neck)
Talismans
 E - a beast talisman
 I - a blade talisman
Wands
 u - a wand of iceblast (7)
 H - a wand of polymorph (9)
 P - a wand of light (11)
Scrolls
 d - 3 scrolls of vulnerability
 f - a scroll of brand weapon {unknown}
 g - 2 scrolls of revelation
 j - 2 scrolls of amnesia {unknown}
 k - a scroll of blinking
 l - 3 scrolls of immolation
 m - a scroll of enchant armour
 r - 2 scrolls of poison {unknown}
 t - 5 scrolls of teleportation
 B - 3 scrolls of enchant weapon
 K - 2 scrolls of torment {unknown}
 L - a scroll of noise {unknown}
Potions
 h - 5 potions of might
 i - 3 potions of haste
 n - 7 potions of curing
 o - 4 potions of attraction
 p - 3 potions of enlightenment
 w - 2 potions of ambrosia
 D - 2 potions of brilliance
 G - a potion of magic
 N - 2 potions of mutation


   Skills:
 - Level 10.0 Fighting
 - Level 1.7 Throwing
 - Level 10.0 Dodging
 - Level 10.0 Unarmed Combat
 * Level 4.2 Invocations
 - Level 10.0 Shapeshifting


You had 11 spell levels left.
You didn't know any spells.
Your spell library contained the following spells:

 Spells                   Type           Power      Damage    Failure   Level
 Magic Dart               Conj           0%         1d3       54%         1
 Shock                    Conj/Air       0%         1d3       54%         1
 Slow                     Hex            0%         N/A       54%         1
 Summon Small Mammal      Summ           0%         N/A       54%         1
 Searing Ray              Conj           0%         2d4       67%         2
 Call Canine Familiar     Summ           0%         N/A       88%         3
 Confusing Touch          Hex            0%         N/A       88%         3
 Sigil of Binding         Hex            0%         N/A       88%         3
 Swiftness                Air            0%         N/A       88%         3
 Vampiric Draining        Necr           0%         2d6       88%         3
 Airstrike                Air            0%         2d(0-16)  99%         4
 Brom's Barrelling Bould  Conj/Erth      0%         2d3       99%         4
 Dimensional Bullseye     Hex/Tloc       0%         N/A       99%         4
 Fulminant Prism          Conj/Alch      0%         3d5       99%         4
 Summon Blazeheart Golem  Fire/Summ      0%         N/A       99%         4
 Vhi's Electric Charge    Tloc/Air       0%         N/A       99%         4
 Arcjolt                  Conj/Air       0%         1d10      100%        5
 Fireball                 Conj/Fire      0%         3d3       100%        5
 Iskenderun's Battlesphe  Conj           0%         2d6       100%        5
 Conjure Ball Lightning   Conj/Air       0%         3x3d6     100%        6
 Plasma Beam              Fire/Air       0%         2x1d10    100%        6
 Orb of Destruction       Conj           0%         9d5       100%        7
 Spellforged Servitor     Conj/Summ      0%         N/A       100%        7


Dungeon Overview and Level Annotations

Branches:
Dungeon (11/15)            Temple (1/1) D:4            Lair (3/5) D:11
 Shoals (0/4) Lair:2        Snake (0/4) Lair:2      Ossuary (visited)
Gauntlet (visited)
    Orc: D:9-12

Altars:
Ashenzari
Cheibriados
Dithmenos
Elyvilon
Fedhas
Gozag
Hepliaklqana
Kikubaaqudgha
Makhleb
Nemelex Xobeh
Okawaru
Qazlal
Ru
Sif Muna
Trog
Uskayaw
Vehumet
Wu Jian
Xom
Yredelemnul
Zin
The Shining One

Shops:
D:1 (   D:3 :[===

Annotations:
D:6 3 exclusions
D:7 2 transporters, chukamok's ghost, novice GnRe
D:10 3 runed translucent doors, Pokonic1's ghost, novice TrSh


Innate Abilities, Weirdness & Mutations

You are too large for most types of armour.
You have claws for hands.
Your natural rate of healing is unusually fast.
You are covered in fur. (AC +1)
You have tough skin. (AC +1)


Message History

No target in view!
A bullfrog comes into view.
The bullfrog croaks.
There is a stone staircase leading up here.
You see here a potion of degeneration.
A bullfrog is nearby!
The bullfrog hits you but does no damage.
A bullfrog is nearby!
You mangle the bullfrog!!
You kill the bullfrog!
No target in view!
You see here a bullfrog corpse.
n - 7 potions of curing (gained 1)
Found a spear.
No target in view!
Found 8 stones.
No target in view!
You see here 8 stones.
You see here 8 stones.
K - 2 scrolls labelled XEFEN UBIUCVAE (gained 1) Done exploring.
No target in view!
Done exploring.
No target in view!
No target in view!
Done exploring.
No target in view!
Done exploring.
No target in view!
Done exploring.
No target in view!
Done exploring.
No target in view!
Done exploring.
As you read the scroll of identify, it crumbles to dust.
G - a potion of magic
As you read the scroll of identify, it crumbles to dust.
l - 3 scrolls of immolation Unknown command.
Are you sure you want to abandon this character and quit the game? (Confirm with "yes".)

>.........#...#######...#.#.#...#
.....#....#.....# ##.###.#....#
..........#.....# ###......##.
...######..###### ##....##.##
...P..##...# #P....####
<.....##...#### ##.#...##
.......#......#### #......#
......##......##.### #.....##
................@..# ##.....##
.........#.#.......# ##.......#
(..#.....###.......# #......###
...#...### ##......# ##....#.#
...##### ##.##### ##.###.## ..##
### #..##.## ...### ##..###
.....# ##.## ...### #..#


There were no monsters in sight!

Vanquished Creatures
  Gastronok (Lair:2)
  A catoblepas (D:8)
  A hydra (Lair:3)
  A boulder beetle (D:11)
  2 two-headed ogres
  2 skysharks (Lair:3)
  A deep elf pyromancer (D:8)
  A lindwurm (Lair:3)
  Pikel (D:6)
  2 cyclopes (D:11)
  A salamander (Lair:2)
  A water nymph (Lair:2)
  A black mamba (Lair:3)
  A cane toad (Lair:2)
  An unseen horror (D:10)
  A rime drake (Lair:3)
  3 komodo dragons
  Maggie (D:10)
  2 trolls (D:10)
  A polar bear (Lair:2)
  8 blink frogs
  2 shadows
  31 yaks
  6 slime creatures (D:9)
  2 wraiths
  4 wyverns
  2 basilisks
  A steam dragon (D:8)
  Menkaure (D:6)
  Edmund (D:6)
  2 acid dragons (D:10)
  8 water moccasins
  4 orc warriors
  An ice beast (D:6)
  5 sky beasts
  A black bear (Lair:2)
  7 wolves (Lair:1)
  An ogre (D:5)
  2 centaurs (D:9)
  A lemure (D:6)
  3 phantoms
  4 scorpions
  9 bullfrogs
  5 water moccasin zombies (Ossuary)
  A burial acolyte (Ossuary)
  4 killer bees (D:9)
  3 howler monkeys
  An electric eel (D:6)
  4 lava snakes (Lair:2)
  2 bombardier beetles
  A hound (D:5)
  8 orc priests
  2 jellies
  Crazy Yiuf (D:6)
  A gnoll bouda (D:8)
  Jessica (D:2)
  5 iguanas
  A sleepcap (D:4)
  15 orc wizards
  A crocodile zombie (Ossuary)
  A bullfrog simulacrum (Ossuary)
  3 mummies
  8 gnolls
  6 adders
  A shadow imp (D:6)
  3 white imps
  3 adder zombies (Ossuary)
  2 dart slugs (D:2)
  A ribbon worm (D:5)
  35 orcs
  11 endoplasms
  5 giant cockroaches
  9 hobgoblins
  7 jackals
  A quokka (D:2)
  A ball python (D:2)
  4 bats
  2 frilled lizards (D:2)
  10 gnoll zombies (Ossuary)
  13 goblins
  A goblin zombie (D:6)
  A hobgoblin zombie (D:6)
  4 jackal zombies (Ossuary)
  6 kobolds
  3 orc zombies (Ossuary)
  5 rats
334 creatures vanquished.

Vanquished Creatures (others)
  A gnoll (D:8)
1 creature vanquished.

Grand Total: 335 creatures vanquished

Notes
Turn   | Place    | Note
-------+----------+-------------------------------------------
     0 | D:1      | experimilk the Troll Gladiator began the quest for the Orb.
     0 | D:1      | Reached XP level 1. HP: 19/19 MP: 0/0
   205 | D:1      | Reached XP level 2. HP: 8/27 MP: 1/1
   597 | D:1      | Reached XP level 3. HP: 31/33 MP: 2/2
   864 | D:1      | Found Fipodgh's Antique Weapon Emporium.
  1178 | D:2      | Noticed Jessica
  1182 | D:2      | Killed Jessica
  1183 | D:2      | Reached skill level 5 in Unarmed Combat
  1183 | D:2      | Reached XP level 4. HP: 41/41 MP: 3/3
  1557 | D:3      | Found a faded altar of an unknown god.
  1588 | D:3      | Reached XP level 5. HP: 48/48 MP: 4/4
  1620 | D:3      | Found Uhid's Book Boutique.
  1638 | D:3      | Found Uvymmuv's Jewellery Shop.
  1733 | D:3      | Found Pekoplyr's Jewellery Boutique.
  1742 | D:3      | Identified the +4 falchion of the Sharing Shark {holy,
                  | rElec rF- rN+++ rCorr}
  1834 | D:3      | Found Nuothry's Armour Shoppe.
  2127 | D:3      | Reached XP level 6. HP: 52/55 MP: 5/5
  2557 | D:3      | Found Gaomoosh's Jewellery Shoppe.
  2803 | D:4      | Found a staircase to the Ecumenical Temple.
  2809 | Temple   | Entered the Ecumenical Temple
  2826 | Temple   | Became a worshipper of Uskayaw the Reveller
  2870 | D:4      | Reached * piety under Uskayaw
  2874 | D:4      | Reached ** piety under Uskayaw
  4040 | D:5      | Entered Level 5 of the Dungeon
  4049 | D:5      | Reached XP level 7. HP: 58/62 MP: 6/6
  4828 | D:6      | Noticed Menkaure
  4835 | D:6      | Killed Menkaure
  4836 | D:6      | Reached XP level 8. HP: 33/70 MP: 7/7
  4903 | D:6      | Reached skill level 10 in Unarmed Combat
  4912 | D:6      | Noticed Pikel
  4914 | D:6      | Found a sand-covered staircase.
  4923 | D:6      | Reached *** piety under Uskayaw
  4924 | D:6      | Reached **** piety under Uskayaw
  4927 | D:6      | Killed Pikel
  4932 | Ossuary  | Entered an ossuary
  5000 | Ossuary  | Reached skill level 5 in Fighting
  5343 | D:6      | Reached XP level 9. HP: 89/89 MP: 8/8
  5748 | D:6      | Found a runed translucent door.
  5749 | D:6      | Noticed Crazy Yiuf
  5854 | D:6      | Killed Crazy Yiuf
  6227 | D:6      | Noticed Edmund
  6236 | D:6      | Killed Edmund
  6496 | D:7      | Found a transporter.
  6497 | D:7      | Found a bloodstained altar of Trog.
  6497 | D:7      | Noticed a two-headed ogre
  6498 | D:7      | Noticed chukamok's ghost (novice GnRe)
  6504 | D:7      | Found a transporter.
  6599 | D:7      | Noticed a two-headed ogre
  6604 | D:7      | Killed a two-headed ogre
  7129 | D:7      | Noticed a moth of wrath
  7470 | D:8      | Reached XP level 10. HP: 93/107 MP: 5/9
  7792 | D:3      | Bought a beast talisman for 240 gold pieces
  8032 | D:8      | Reached skill level 1 in Shapeshifting
  8257 | D:8      | Noticed a deep elf pyromancer
  8257 | D:8      | Noticed a catoblepas
  8635 | D:8      | Killed a deep elf pyromancer
  8887 | D:8      | Found a sparkling altar of Nemelex Xobeh.
  8899 | D:8      | Killed a catoblepas
  8900 | D:8      | Reached skill level 10 in Fighting
  9030 | D:8      | Reached skill level 5 in Shapeshifting
 10168 | D:10     | Entered Level 10 of the Dungeon
 10208 | D:10     | Noticed a two-headed ogre
 10214 | D:10     | Killed a two-headed ogre
 10215 | D:10     | Reached XP level 11. HP: 83/117 MP: 10/10
 10755 | D:10     | Noticed Maggie
 10760 | D:10     | Killed Maggie
 11292 | D:10     | Found a runed translucent gate.
 11292 | D:10     | Found a runed translucent gate.
 11293 | D:10     | Found a runed translucent gate.
 11296 | D:10     | Noticed Pokonic1's ghost (novice TrSh)
 11629 | D:11     | Noticed a boulder beetle
 11647 | D:11     | Killed a boulder beetle
 11735 | D:11     | Found a gate leading to a gauntlet.
 11744 | Gauntlet | Entered a Gauntlet
 11744 | Gauntlet | Found a transporter.
 11744 | Gauntlet | Found a transporter.
 11757 | Gauntlet | Found a transporter.
 11759 | Gauntlet | Found a transporter.
 11761 | Gauntlet | Noticed a fire crab
 11767 | Gauntlet | Found a transporter.
 11770 | Gauntlet | Found a transporter.
 11774 | Gauntlet | Noticed a glowing orange brain
 11777 | Gauntlet | Noticed a purple ugly thing
 11780 | Gauntlet | Found a transporter.
 11780 | Gauntlet | Noticed a green ugly thing
 11796 | Gauntlet | Found a transporter.
 11797 | Gauntlet | Noticed a death drake
 11801 | Gauntlet | Found a transporter.
 11804 | Gauntlet | Found a transporter.
 11814 | Gauntlet | Found a transporter.
 11863 | Gauntlet | Found a transporter.
 11864 | Gauntlet | Noticed a shining eye
 12310 | D:11     | Found a staircase to the Lair.
 12350 | Lair:1   | Entered Level 1 of the Lair of Beasts
 12360 | Lair:1   | Reached skill level 10 in Shapeshifting
 12894 | D:11     | Reached ***** piety under Uskayaw
 13132 | Lair:1   | Reached skill level 5 in Dodging
 13583 | Lair:1   | Reached XP level 12. HP: 105/126 MP: 6/11
 14135 | Lair:2   | Noticed Gastronok
 14148 | Lair:2   | Killed Gastronok
 14184 | Lair:2   | Found a staircase to the Snake Pit.
 15189 | Lair:3   | Noticed a five-headed hydra
 15202 | Lair:3   | Killed an 11-headed hydra
 15277 | Lair:3   | Reached skill level 10 in Dodging
 15278 | Lair:3   | Reached skill level 1 in Invocations
 15855 | Lair:3   | Identified the +1 ring mail of Toummu Cika {rN+ Int+2}
 16081 | Lair:3   | Quit the game

Illustrated notes

Levels and vault maps discovered:
D:1:      dpeg_cavernosity, layout_basic, serial_shops, nicolae_shop_peninsula,
          minmay_hexomino_f4
D:2:      layout_loops_ring, uniq_jessica
D:3:      layout_loops_corners, serial_shops, nicolae_shop_tiny_statue_garden,
          shop, shop, nicolae_diamond_shop, shop, ebering_ecumenical_altar_box,
          roderic_lattice_a
D:4:      layout_cave_pods, minmay_temple_entry_mist,
          nicolae_concentric_dashed_squares_mild
D:5:      layout_rooms, kennysheep_donut, serial_park_tiny_pond
D:6:      layout_loops_cross, nicolae_ossuary_entry_giza, kennysheep_boxes,
          uniq_edmund, uniq_pikel, uniq_menkaure, uniq_crazy_yiuf_cottage
D:7:      layout_loops_ring, gammafunk_ghost_wrathful_warriors,
          hangedman_decor_opposing
D:8:      layout_cave_pools, nemelex_diamond_rough_becter, serial_column_ruins,
          column_ruins_open_small_water, column_ruins_open_small,
          column_ruins_corridor_water, column_ruins_grid_1,
          column_ruins_corridor_dead_end, minmay_manual_moon
D:9:      layout_small_grid
D:10:     layout_loops_ring, gammafunk_ghost_spectres, amcnicky_mini_pool_small,
          uniq_maggie
D:11:     layout_basic, david_lair_shrubbed, gauntlet_entry_generic,
          minivault_11
Temple:   mainiacjoe_temple_circle_huts
Lair:1:   layout_chaotic_city
Lair:2:   layout_gridlike, nicolae_shoals_entry_flooding,
          nicolae_snake_entry_warm_welcome, uniq_gastronok
Lair:3:   layout_misc_corridors

Skill      XL: |  1  2  3  4  5  6  7  8  9 10 11 12 |
---------------+-------------------------------------+-----
Unarmed Combat | 4 5 6 8 9 10 | 10.0
Fighting       | 6 9 10 | 10.0
Shapeshifting  | 7 10 | 10.0
Dodging        | 6 10 | 10.0
Invocations    | 4 |  4.2
Throwing       | |  1.7

Action                     |  1- 3 |  4- 6 |  7- 9 | 10-12 || total
---------------------------+-------+-------+-------+-------++-------
  Melee: Unarmed           |   102 |   130 |   222 |   366 ||   820
         Punch             |       |     2 |    10 |    13 ||    25
         Constrict         |       |       |       |    29 ||    29
  Throw: Dart              |       |    32 |    27 |    18 ||    77
         Large rock        |       |     2 |     8 |    30 ||    40
         Throwing net      |       |       |     2 |     6 ||     8
         Boomerang         |       |       |       |    29 ||    29
 Invoke: Line Pass         |       |     1 |     4 |     3 ||     8
         Stomp             |       |       |     4 |    12 ||    16
    Use: Scroll            |       |     5 |     8 |    11 ||    24
         Potion            |       |       |       |     2 ||     2
   Stab: Distracted        |       |     1 |       |       ||     1
         Paralysed         |       |       |     2 |    26 ||    28
         Held in net/web   |       |       |     1 |     2 ||     3
         Confused          |       |       |     1 |       ||     1
 Armour: Robe              |    64 |    76 |   168 |   178 ||   486
         Troll leather arm |       |       |       |   143 ||   143
         Skin              |       |       |       |   114 ||   114
  Dodge: Dodged            |    51 |    49 |    89 |   191 ||   380
   Form: Blade             |       |       |       |     8 ||     8
         Beast             |       |       |       |     9 ||     9
         Serpent           |       |       |       |     8 ||     8
                           |       |       |       |     2 ||     2

Table legend: (Time is in decaauts)
 A = Elapsed time spent in this place.
 B = Non-inter-level travel time spent in this place.
 C = Inter-level travel time spent in this place.
 D = Time resting spent in this place.
 E = Time spent auto-exploring this place.
 F = Levels seen in this place.
 G = Mean time per level.
                   A        B        C        D        E       F      G
               +--------+--------+--------+--------+--------+-----+--------+
         Total |  15981 |  15087 |    894 |   4028 |   7835 |  17 |  940.1 |
       Dungeon |  12449 |  11613 |    836 |   3172 |   6084 |  11 | 1131.7 |
        Temple |     34 |      2 |     32 |      0 |      0 |   1 |   34.0 |
          Lair |   2958 |   2932 |     26 |    748 |   1621 |   3 |  986.0 |
       Ossuary |    286 |    286 |      0 |    108 |      0 |   1 |  286.0 |
      Gauntlet |    252 |    252 |      0 |      0 |    130 |   1 |  252.0 |
               +--------+--------+--------+--------+--------+-----+--------+

Top non-repeatable levels by time:
    D:10: 1489 daAuts
     D:3: 1366 daAuts
     D:6: 1306 daAuts
     D:8: 1282 daAuts
     D:7: 1276 daAuts
     D:4: 1268 daAuts
    D:11: 1193 daAuts
  Lair:3: 1095 daAuts
  Lair:1: 989 daAuts
     D:9: 955 daAuts
     D:1: 947 daAuts
  Lair:2: 874 daAuts
     D:5: 830 daAuts
     D:2: 532 daAuts
 Ossuary: 286 daAuts
